[Event "*** Titled Tuesday Blitz"]
[Site "Chess.com"]
[Date "2021.03.02"]
[Round "7"]
[White "Kale36"]
[Black "campomania3"]
[Result "1-0"]
[WhiteElo "2291"]
[BlackElo "2159"]
[TimeControl "180+1"]
[EndTime "11:18:17 PST"]
[Termination "Kale36 won by resignation"]

1. b3 d5 2. Bb2 Nf6 3. e3 Bf5 4. Nf3 e6 5. d4 Be7 6. Bd3 Bg6 7. O-O O-O 8. Nbd2 c5 9. Ne5 Nc6 10. Nxg6 hxg6 11. a3 cxd4 12. exd4 Rc8 13. c4 dxc4 14. Nxc4 Nxd4 15. Bxg6 Nc6 16. Bc2 Qxd1 17. Rfxd1 Rfd8 18. Rxd8+ Rxd8 19. Rd1 Rxd1+ 20. Bxd1 a6 21. Bf3 Nd5 22.
b4 Kf8 23. g3 g6 24. h4 Ke8 25. Ne5 Nxe5 26. Bxe5 b5 27. Kg2 f5 28. Kh3 Kf7 29. g4 fxg4+ 30. Kxg4 Bf6 31. Bxf6 Kxf6 32. Be4 Nc7 33.
Bb7 e5 34. Kf3 Ke6 35. Ke4 Kd6 36. Bc8 Nd5 37. Bxa6 Nc3+ 38. Kf3 Nb1 39. Bxb5 Nxa3 40. Bd3 Kd5 41. Bxg6 Kc4 42. h5 Kxb4 43. h6 Nc4 44. h7 1-0

[Event "*** Titled Tuesday Blitz"]
[Site "Chess.com"]
[Date "2021.03.02"]
[Round "7"]
[White "DLR7"]
[Black "Yaryi_sergey"]
[Result "1-0"]
[WhiteElo "2634"]
[BlackElo "2484"]
[TimeControl "180+1"]
[EndTime "11:18:20 PST"]
[Termination "DLR7 won on time"]

1. e4 c6 2. d4 Na6 3. Nf3 g6 4. Nc3 Nc7 5. Bd3 Bg7 6. h3 d5 7. O-O Nf6 8. e5 Nd7 9. Ne2 Ne6 10. c3 b6 11. Nf4 Ndf8 12. Re1 Nxf4 13. Bxf4 Ne6 14. Be3 O-O 15. Qd2 f5 16. Bh6 c5 17.
Rac1 c4 18. Bc2 b5 19. b3 a6 20. Rb1 Bb7 21. h4 Rc8 22. h5 Qc7 23. Nh4 Kf7 24. b4 Rg8 25. a4 Bc6 26. axb5 axb5 27. g4 gxh5 28. Bxf5 hxg4 29. Bxe6+ Kxe6 30. Bxg7 Rxg7 31. Qh6+ Kf7 32. Nf5 Rcg8 33. Nd6+ exd6 34. Qf6+ Ke8 35. exd6+ Kd7 36. dxc7 Kxc7 37. Re7+ 1-0

[Event "*** Titled Tuesday Blitz"]
[Site "Chess.com"]
[Date "2021.03.02"]
[Round "7"]
[White "Joseacorrea"]
[Black "Michaelson_11"]
[Result "0-1"]
[WhiteElo "2078"]
[BlackElo "2271"]
[TimeControl "180+1"]
[EndTime "11:18:20 PST"]
[Termination "Michaelson_11 won by checkmate"]

1. d4 Nf6 2. e3 g6 3. Bd3 Bg7 4. h4 h5 5. Nf3 O-O 6. b3 d6 7. Bb2 Nbd7 8. Nbd2 c5 9. c4 Qc7 10. Qc2 e5 11. O-O b6 12. Rac1 Bb7 13. d5 Ng4 14. Ng5 Bc8 15. Rce1 Qd8 16. f4 Bh6 17. Bxg6 Bxg5 18.
Bh7+ Kh8 19. hxg5 f6 20. Qg6 Qe7 21. Qxh5 Qxh7 22. Qxg4 Rg8 23. Rf3 Nf8 24. Qg3 Ng6 25. f5 Nh4 26. Qxh4 Qxh4 27. Rh3 Qxh3 28. gxh3 Rxg5+ 29.
Kh2 Bxf5 30. e4 Rag8 31. exf5 Rg2+ 32. Kh1 Rxd2 33. Bc3 Rd3 34. Ba1 Rxh3# 0-1

[Event "*** Titled Tuesday Blitz"]
[Site "Chess.com"]
[Date "2021.03.02"]
[Round "7"]
[White "vugarrasulov"]
[Black "CSB7"]
[Result "1-0"]
[WhiteElo "2795"]
[BlackElo "2586"]
[TimeControl "180+1"]
[EndTime "11:18:21 PST"]
[Termination "vugarrasulov won by checkmate"]

1. e4 c5 2. Nf3 d6 3. d4 cxd4 4. Nxd4 Nf6 5. Nc3 a6 6. Be3 e5 7. Nf3 Be7 8. Bc4 Be6 9. Bxe6 fxe6 10. O-O O-O 11. Na4 Nxe4 12. Nb6 Ra7 13. Nd5 Ra8 14. Bb6 Qd7 15. Nc7 Nc6 16. Nxa8 Rxa8 17. Re1 Nf6 18.
c4 e4 19. Ng5 d5 20. cxd5 exd5 21. Qb3 Qf5 22. h4 h6 23. Qh3 Qxh3 24. Nxh3 Bd6 25. Rad1 Kf7 26. f3 exf3 27. gxf3 Ne5 28. Kg2 Rc8 29.
Re2 Ng6 30. Bf2 Nh5 31. Kf1 Nhf4 32. Nxf4 Nxf4 33. Red2 Be7 34. Be3 Ng6 35. h5 Ne5 36. Rxd5 Nc4 37. Bf2 Nxb2 38. Rb1 Nc4 39. Rxb7 Ke6 40.
Rd4 Bf6 41. Re4+ Kf5 42. Rd7 Ne5 43. Rd5 Ke6 44. Rdxe5+ Bxe5 45. f4 Kf5 46. Rxe5+ Kxf4 47. Re7 Kg5 48. Re5+ Kf4 49. Ra5 Rc6 50. Kg2 Kg4 51.
a4 g6 52. hxg6 Rxg6 53. Rc5 h5 54. Rc4+ Kf5+ 55. Kh3 Ke5 56. a5 Kd5 57. Rh4 Re6 58. Rxh5+ Kc6 59. Bb6 Kb7 60. Kg4 Kc6 61. Kf5 Rd6 62. Rh8 Kb5 63. Ke5 Rd7 64. Ke6 Rd1 65. Rh5+ Kc6 66. Rc5+ Kb7 67. Rc7+ Kb8 68. Rh7 Rd3 69. Bc7+ Kc8 70. Be5 Ra3 71. Rc7+ Kd8 72. Rc5 Ra4 73. Bf6+ Ke8 74. Rc8# 1-0

[Event "*** Titled Tuesday Blitz"]
[Site "Chess.com"]
[Date "2021.03.02"]
[Round "7"]
[White "WiktoriaPOL"]
[Black "dosto07"]
[Result "0-1"]
[WhiteElo "2041"]
[BlackElo "2329"]
[TimeControl "180+1"]
[EndTime "11:18:21 PST"]
[Termination "dosto07 won on time"]

1. e4 e5 2. Nf3 Nc6 3. d4 exd4 4. c3 d5 5. Bd3 dxc3 6. exd5 Qxd5 7. Nxc3 Bb4 8. O-O Bxc3 9. bxc3 Nge7 10. Re1 O-O 11. Qc2 Qh5 12. Ba3 Re8 13. Rab1 Bf5 14. Rxb7 Bxd3 15.
Qxd3 Ng6 16. Rxe8+ Rxe8 17. g3 Nge5 18. Nxe5 Nxe5 19. Qb5 Nf3+ 20. Kg2 Ne1+ 21. Kg1 Nf3+ 22. Kg2 Ne1+ 23. Kg1 Qxb5 24. Rxb5 h5 25. h4 Nf3+ 26.
Kg2 Ne5 27. Rb7 c6 28. Rxa7 Nc4 29. Bc5 Re2 0-1

[Event "*** Titled Tuesday Blitz"]
[Site "Chess.com"]
[Date "2021.03.02"]
[Round "7"]
[White "NefeLV"]
[Black "dodorox"]
[Result "0-1"]
[WhiteElo "1826"]
[BlackElo "2148"]
[TimeControl "180+1"]
[EndTime "11:18:22 PST"]
[Termination "dodorox won by checkmate"]

1. c4 e6 2. d4 Nf6 3. Nc3 d5 4. cxd5 exd5 5. Nf3 Bb4 6. Bd2 O-O 7. e3 c6 8. Bd3 Bg4 9. h3 Bh5 10. a3 Bd6 11. Rc1 Re8 12. O-O Nbd7 13. b4 a6 14. Na4 Ne4 15. Be2 b5 16. Nc5 Nb6 17. g4 Bg6 18.
Nh2 Nc4 19. Bxc4 dxc4 20. f4 f5 21. gxf5 Bxf5 22. Kg2 Qh4 23. Rf3 Bxc5 24. bxc5 Re6 25. Be1 Rg6+ 26. Kh1 Qh5 27. d5 Rd8 28. d6 Bxh3 29. Ba5 Bg2+ 30. Kg1 Bxf3+ 31. Kf1 Bxd1 32. Rxd1 Qxd1+ 33. Be1 Qc2 34. Nf3 Qg2# 0-1

[Event "*** Titled Tuesday Blitz"]
[Site "Chess.com"]
[Date "2021.03.02"]
[Round "7"]
[White "KerryStead"]
[Black "losersgame"]
[Result "0-1"]
[WhiteElo "2021"]
[BlackElo "2327"]
[TimeControl "180+1"]
[EndTime "11:18:23 PST"]
[Termination "losersgame won on time"]

1. d4 Nf6 2. f3 Nc6 3. e4 e5 4. d5 Ne7 5. c4 Ng6 6. Ne2 Bc5 7. Bg5 Nxe4 8. fxe4 Qxg5 9. Nbc3 d6 10. Qd2 Be3 11. Qd3 Bg4 12. Nd1 Bc5 13. Qd2 Qh4+ 14. g3 Qh5 15. Bg2 O-O 16. Ne3 Bf3 17. Rg1 Bxg2 18.
Rxg2 Qf3 19. Rf2 Qxe3 20. Qxe3 Bxe3 21. Rf3 Bc5 22. a3 a5 23. O-O-O Ne7 24. Rdf1 g6 25. g4 Kg7 26. h4 f6 27. Ng3 Rf7 28.
Kd2 Ng8 29. h5 Nh6 30. hxg6 hxg6 31. g5 fxg5 32. Rxf7+ Nxf7 33. Ne2 Rh8 34. Kd3 Rh3+ 35. Kd2 g4 36. Ng1 Rh2+ 0-1

[Event "*** Titled Tuesday Blitz"]
[Site "Chess.com"]
[Date "2021.03.02"]
[Round "7"]
[White "Arseniy_Nesterov"]
[Black "As0nchess"]
[Result "0-1"]
[WhiteElo "2781"]
[BlackElo "2641"]
[TimeControl "180+1"]
[EndTime "11:18:26 PST"]
[Termination "As0nchess won by resignation"]

1. d4 Nf6 2. c4 e6 3. Nf3 d5 4. Nc3 Bb4 5. Qb3 c5 6. dxc5 Na6 7. cxd5 exd5 8. Bg5 Be6 9. Nd4 O-O 10. e3 Bxc5 11.
Rd1 Nb4 12. Be2 h6 13. Bh4 Nc6 14. Nxe6 fxe6 15. O-O Qe7 16. Bg3 Kh8 17. a3 a6 18.
Bd3 Rad8 19. Ne2 e5 20. Bb1 Bd6 21. Nc3 d4 22. Ne4 Nxe4 23. Bxe4 dxe3 24. fxe3 Bc5 25. Bb1 Rxd1 26. Rxd1 e4 27. Kh1 Ne5 28. Bxe4 Ng4 29. Bb1 Nxe3 30. Qd3 Nf5 31. Bf4 Qh4 32. g3 Qg4 33.
Re1 Bf2 34. Re5 g6 35. Re2 Bd4 36. Qd2 Qf3+ 37. Rg2 Qf1+ 0-1

[Event "*** Titled Tuesday Blitz"]
[Site "Chess.com"]
[Date "2021.03.02"]
[Round "7"]
[White "Lion-Al-Messi"]
[Black "elcandado"]
[Result "1-0"]
[WhiteElo "2442"]
[BlackElo "2597"]
[TimeControl "180+1"]
[EndTime "11:18:26 PST"]
[Termination "Lion-Al-Messi won on time"]

1. d4 Nf6 2. Nf3 d5 3. Nc3 Bf5 4. Bg5 Nbd7 5. e3 e6 6. Bd3 Bg6 7. O-O Be7 8. Ne5 Nxe5 9. dxe5 Nd7 10. Bxe7 Qxe7 11. f4 O-O-O 12. a4 Nc5 13. b4 Nxd3 14.
cxd3 d4 15. Nb5 dxe3 16. d4 Qxb4 17. Rc1 Kb8 18. Qf3 Rd7 19. d5 a6 20. Nc3 Rhd8 21. Qxe3 Rxd5 22. Nxd5 Rxd5 23. Rfd1 Be4 24. Rxd5 Bxd5 25.
Qc5 Qxc5+ 26. Rxc5 b6 27. Rc3 Kb7 28. a5 b5 29. Kf2 b4 30. Rc1 b3 31. Ke3 c5 32.
Kd3 Kc6 33. Kc3 Kb5 34. Ra1 c4 35. g4 g6 36. Rd1 Kxa5 37. f5 Kb5 38. f6 1-0

[Event "*** Titled Tuesday Blitz"]
[Site "Chess.com"]
[Date "2021.03.02"]
[Round "7"]
[White "AliKa2810"]
[Black "UmutErdemGunduz"]
[Result "1-0"]
[WhiteElo "2563"]
[BlackElo "2367"]
[TimeControl "180+1"]
[EndTime "11:18:27 PST"]
[Termination "AliKa2810 won by resignation"]

1. Nf3 Nf6 2. g3 g6 3. Bg2 Bg7 4. c4 c5 5. O-O O-O 6. d4 cxd4 7. Nxd4 Nc6 8. Nc3 Nxd4 9. Qxd4 d6 10. Qd2 Be6 11.
b3 Rb8 12. Bb2 a6 13. Rac1 b5 14. Nd5 bxc4 15. Nxf6+ Bxf6 16. Bxf6 exf6 17. bxc4 Qc7 18. Rfd1 Rfd8 19. Qd4 f5 20. h4 Qc5 21. h5 Qxd4 22.
Rxd4 Kf8 23. h6 Ke7 24. Rc3 Rb6 25. a3 Rc8 26. f4 Rb2 27. Kf2 Rc5 28. Bf3 Ra2 29. Re3 Kd7 30. Red3 Bxc4 31. Rxd6+ Kc7 32. Rd7+ Kb6 33. Rb7+ Ka5 34. Rc3 Rc8 35. Rxf7 Bxf7 36.
Rxc8 Rxa3 37. Rc7 Bg8 38. Rg7 Bc4 39. Rxh7 Rb3 40. Rb7 Rc3 41. h7 1-0

[Event "*** Titled Tuesday Blitz"]
[Site "Chess.com"]
[Date "2021.03.02"]
[Round "7"]
[White "XanoushX_X"]
[Black "fabianvivasz"]
[Result "1-0"]
[WhiteElo "2486"]
[BlackElo "2332"]
[TimeControl "180+1"]
[EndTime "11:18:28 PST"]
[Termination "XanoushX_X won by resignation"]

1. d4 Nf6 2. c4 g6 3. Nc3 d5 4. cxd5 Nxd5 5. Bd2 Nb6 6. Nf3 Bg7 7.
Qc1 h6 8. h4 Nc6 9. h5 g5 10. e3 e5 11. dxe5 Nxe5 12. Nxe5 Bxe5 13. Be2 Bf5 14. e4 Be6 15. f4 gxf4 16. Bxf4 Qf6 17. O-O O-O-O 18. Bxe5 Qxe5 19. Qf4 Qxf4 20. Rxf4 Rd2 21.
b3 Rc2 22. Rf3 Bg4 23. Re3 Rxc3 24. Bxg4+ Kb8 25. Rxc3 Re8 26. Re1 c6 27. Rf3 Re7 28. Rf6 Nd5 29. Rxh6 Nf4 30. Rf6 Nd3 31. Re2 Ne5 32.
Bf3 Kc7 33. h6 Re8 34. h7 Rh8 35. Rh6 Ng6 36. Bg4 Kd6 37. Bf5 Ke5 38. Bxg6 fxg6 39. Rf2 Kxe4 40. Rf7 g5 41. Rg6 1-0

[Event "*** Titled Tuesday Blitz"]
[Site "Chess.com"]
[Date "2021.03.02"]
[Round "7"]
[White "Beca95"]
[Black "Lagmantr"]
[Result "1-0"]
[WhiteElo "2896"]
[BlackElo "2749"]
[TimeControl "180+1"]
[EndTime "11:18:29 PST"]
[Termination "Beca95 won by resignation"]

1. d4 d5 2. c4 e6 3. Nf3 Nf6 4. Nc3 c6 5. e3 Nbd7 6. Qc2 Bd6 7.
e4 dxe4 8. Nxe4 Nxe4 9. Qxe4 Bb4+ 10. Bd2 Bxd2+ 11. Nxd2 Nf6 12. Qe3 Qb6 13. O-O-O O-O 14. Be2 Rd8 15. Nf3 Qa5 16. a3 b5 17. Ne5 Bb7 18. c5 b4 19. Nc4 Qc7 20. a4 Ba6 21. Nd6 Nd5 22. Qf3 Bxe2 23. Qxe2 Rxd6 24. cxd6 Qxd6 25.
g3 Rb8 26. Qc4 b3 27. Kb1 Rb4 28. Qc5 Qd7 29. Rc1 e5 30. Qxc6 Qf5+ 31. Ka1 h5 32. Qc8+ Qxc8 33. Rxc8+ Kh7 34. dxe5 Rxa4+ 35. Kb1 Nb4 36.
Rc4 a5 37. f4 Ra2 38. Rd1 Nc2 39. Rxc2 bxc2+ 40. Kxc2 Ra4 41. Rd5 Kg6 42. Rc5 h4 43.
Kc3 h3 44. Rc8 Re4 45. Rh8 Re3+ 46. Kd2 Rf3 47. Rxh3 Rf2+ 48. Kc3 a4 49. Rh8 Rf3+ 50. Kc2 Rf2+ 51. Kb1 Kf5 52. Ka2 g5 53. Rh5 Ke4 54.
Rxg5 Rxh2 55. Ka3 Kd3 56. Rg7 Kc2 57. Rxf7 Kb1 58. Kxa4 1-0

[Event "*** Titled Tuesday Blitz"]
[Site "Chess.com"]
[Date "2021.03.02"]
[Round "7"]
[White "Atco84"]
[Black "Make_it_shine060"]
[Result "1-0"]
[WhiteElo "2418"]
[BlackElo "2254"]
[TimeControl "180+1"]
[EndTime "11:18:29 PST"]
[Termination "Atco84 won by resignation"]

1. d4 Nf6 2. c4 g6 3. g3 Bg7 4. Bg2 d5 5. cxd5 Nxd5 6. Nf3 O-O 7. O-O c5 8. e4 Nb4 9. d5 e6 10. a3 N4a6 11. Nc3 exd5 12. exd5 Bg4 13. h3 Bxf3 14.
Qxf3 Nd7 15. d6 Rb8 16. Rd1 Ne5 17. Qd5 b5 18. Bf4 Nc4 19. Rab1 Nxb2 20. Rxb2 Bxc3 21. Rc2 Bg7 22. h4 Qd7 23. Kh2 b4 24. Bh3 Qa4 25. Rcd2 bxa3 26. d7 Nb4 27. Qxc5 a2 28. Bxb8 a1=Q 29.
Rxa1 Qxa1 30. d8=Q Rxd8 31. Rxd8+ 1-0

[Event "*** Titled Tuesday Blitz"]
[Site "Chess.com"]
[Date "2021.03.02"]
[Round "7"]
[White "Aslanov_Umid"]
[Black "tusplingher"]
[Result "0-1"]
[WhiteElo "2391"]
[BlackElo "2270"]
[TimeControl "180+1"]
[EndTime "11:18:29 PST"]
[Termination "tusplingher won by resignation"]

1. e4 c5 2. Nf3 g6 3. d4 cxd4 4. Nxd4 Bg7 5. c4 Nc6 6. Be3 Nf6 7. Nc3 O-O 8. Be2 d6 9. O-O Nxd4 10. Bxd4 Bd7 11. f4 Bc6 12. e5 dxe5 13. fxe5 Nd7 14. e6 fxe6 15. Bxg7 Kxg7 16. Bg4 Rxf1+ 17. Qxf1 Nf6 18. Bxe6 Qd2 19. Qf2 Rd8 20. Rd1 Qxd1+ 21. Nxd1 Rxd1+ 22. Qf1 Rxf1+ 23. Kxf1 Ne4 24. Ke2 Kf6 25.
Bg4 Nd6 26. c5 Nc4 27. b4 Ne5 28. Bc8 Bxg2 29. b5 Bd5 30. a4 Kf7 31. Ke3 Ng4+ 32.
Kd4 Be6 33. Bxb7 Ke8 34. b6 axb6 35. cxb6 Kd8 36. a5 Bc8 37. a6 Nf6 38. Bxc8 Kxc8 39.
Ke5 h5 40. Ke6 h4 41. Kxe7 g5 42. Kd6 Kb8 43. Ke5 g4 44. Kf4 g3 45. hxg3 h3 46. Kf3 Ng4 0-1

[Event "*** Titled Tuesday Blitz"]
[Site "Chess.com"]
[Date "2021.03.02"]
[Round "7"]
[White "KubaGepard"]
[Black "Grieve72"]
[Result "0-1"]
[WhiteElo "2393"]
[BlackElo "2534"]
[TimeControl "180+1"]
[EndTime "11:18:30 PST"]
[Termination "Grieve72 won by checkmate"]

1. d4 f5 2. Nf3 Nf6 3. g3 g6 4. Bg2 Bg7 5. O-O O-O 6. b3 d6 7.
Bb2 Ne4 8. Nbd2 Nc6 9. Ne1 d5 10. e3 e5 11. Ndf3 Re8 12. dxe5 Nxe5 13. Nxe5 Bxe5 14.
Bxe5 Rxe5 15. Nd3 Re7 16. Nf4 c6 17. c4 Be6 18. Bxe4 fxe4 19. Nxe6 Rxe6 20. cxd5 cxd5 21.
Rc1 Rc6 22. Rxc6 bxc6 23. Qc2 Qb6 24. Rc1 Rc8 25. Qc5 Kf7 26. Qd6 Qc7 27. Qxc7+ Rxc7 28. b4 Ke6 29. Rc5 Kd6 30. a3 Rf7 31. h3 g5 32. Kg2 h5 33. Kf1 Rf8 34. Ra5 Rf7 35. Ke1 h4 36. gxh4 gxh4 37. Ke2 Rg7 38. Ra6 Rb7 39.
Kd2 Rf7 40. Kc3 Rb7 41. Rxa7 Rxa7 42. Kb3 Rf7 43. a4 Rxf2 44. a5 Rf3 45. a6 Rxe3+ 46. Ka4 Kc7 47. b5 cxb5+ 48. Kxb5 Ra3 49. Kc5 e3 50. Kxd5 e2 51. a7 e1=Q 52. a8=Q Rxa8 53. Kc5 Qc3+ 54. Kb5 Ra5# 0-1

[Event "*** Titled Tuesday Blitz"]
[Site "Chess.com"]
[Date "2021.03.02"]
[Round "7"]
[White "stasiek18"]
[Black "Mr_Sinigami"]
[Result "0-1"]
[WhiteElo "2420"]
[BlackElo "2629"]
[TimeControl "180+1"]
[EndTime "11:18:31 PST"]
[Termination "Mr_Sinigami won by resignation"]

1. d4 Nf6 2. Bg5 c5 3. Nc3 cxd4 4. Qxd4 Nc6 5. Qh4 e6 6. e4 Be7 7. Nf3 Qa5 8. O-O-O h6 9. Bb5 Rg8 10. Bd2 Nd5 11. exd5 Bxh4 12. Nxh4 Ne7 13. dxe6 fxe6 14. Rhe1 a6 15. Bd3 Qc7 16. Ng6 Nxg6 17. Bxg6+ Kd8 18. Re4 Rf8 19. Be3 b5 20. g3 Rf6 21. Bf4 Qc5 22. Bh7 Bb7 23. Red4 Bc6 24. Be3 Qh5 25. Rd6 Kc7 26.
Rxc6+ dxc6 27. Be4 Rd8 28. Bf4+ Rxf4 29. gxf4 Rxd1+ 30. Nxd1 Qe2 31. Ne3 Qxf2 32. Nd1 Qxf4+ 0-1

[Event "*** Titled Tuesday Blitz"]
[Site "Chess.com"]
[Date "2021.03.02"]
[Round "7"]
[White "ehrenfeld"]
[Black "annamaja"]
[Result "0-1"]
[WhiteElo "2487"]
[BlackElo "2384"]
[TimeControl "180+1"]
[EndTime "11:18:31 PST"]
[Termination "annamaja won on time"]

1. e4 e6 2. d4 d5 3. e5 c5 4. c3 Nc6 5. Nf3 Qb6 6. a3 Nh6 7. Bd3 Bd7 8. O-O cxd4 9. b4 Nf5 10.
Ra2 Be7 11. Rc2 O-O 12. Bxf5 exf5 13. cxd4 a5 14. Nc3 Be6 15. b5 Na7 16. a4 Rac8 17.
Bg5 Bxg5 18. Nxg5 Rc4 19. Nf3 Rfc8 20. Qa1 Qc7 21. Rfc1 h6 22. Nd2 Rxd4 23. Nxd5 Qxe5 24. Rxc8+ Nxc8 25. Nf3 Qxd5 26. Qxd4 Qb3 27. h4 Kh7 28. h5 Qa3 0-1

[Event "*** Titled Tuesday Blitz"]
[Site "Chess.com"]
[Date "2021.03.02"]
[Round "7"]
[White "sergeikim"]
[Black "Rozhkov_V"]
[Result "1-0"]
[WhiteElo "2523"]
[BlackElo "2372"]
[TimeControl "180+1"]
[EndTime "11:18:32 PST"]
[Termination "sergeikim won by resignation"]

1. d4 d5 2. c4 dxc4 3. e3 e6 4. Bxc4 Nf6 5. Nf3 a6 6. a4 c5 7. O-O Nc6 8. Qe2 cxd4 9. Rd1 Be7 10. exd4 O-O 11. Nc3 Nd5 12. Ne4 Ncb4 13. Ne5 Bd7 14. Ra3 Rc8 15. Rg3 f5 16. Nc5 Bxc5 17. dxc5 f4 18. Rh3 Rxc5 19. Qe4 Nf6 20. Qe2 Nbd5 21.
b3 Qe8 22. Ba3 b6 23. Bxc5 bxc5 24. Bxa6 h6 25. Bd3 Nc3 26. Bh7+ Kxh7 27. Rxc3 Nd5 28. Rxc5 Qe7 29. Qe4+ Kg8 30. Rcc1 Qg5 31. Nxd7 f3 32. Qxe6+ Kh8 33. g3 Nf4 34. Qd6 Ne2+ 35. Kf1 Qf5 36. Qxf8+ 1-0

[Event "*** Titled Tuesday Blitz"]
[Site "Chess.com"]
[Date "2021.03.02"]
[Round "7"]
[White "Xeniya2005"]
[Black "TimKett"]
[Result "1-0"]
[WhiteElo "2354"]
[BlackElo "2183"]
[TimeControl "180+1"]
[EndTime "11:18:32 PST"]
[Termination "Xeniya2005 won on time"]

1. e4 e5 2. Nf3 Nc6 3. Nc3 Nf6 4.
Bb5 Nd4 5. Bc4 Bc5 6. Nxe5 O-O 7. Nd3 Bb6 8. h3 c6 9. e5 d5 10. Bb3 Ne4 11. Nxe4 dxe4 12. Nf4 Qg5 13. d3 Qxe5 14. O-O Bf5 15. Re1 Rad8 16. Qh5 g6 17. Qh6 Nxb3 18.
axb3 Qc5 19. Be3 Qxc2 20. Bxb6 axb6 21. dxe4 Bxe4 22. Re3 Qxb2 23. Rae1 Bd5 24. Rg3 Qg7 25.
Qg5 Rfe8 26. Rxe8+ Rxe8 27. Nh5 Qa1+ 28. Kh2 Kf8 29. Qh6+ Kg8 30. Qg5 1-0

[Event "*** Titled Tuesday Blitz"]
[Site "Chess.com"]
[Date "2021.03.02"]
[Round "7"]
[White "northridgehawk"]
[Black "enriquebutti"]
[Result "0-1"]
[WhiteElo "2334"]
[BlackElo "2185"]
[TimeControl "180+1"]
[EndTime "11:18:32 PST"]
[Termination "enriquebutti won by resignation"]

1. e4 c5 2. Nf3 d6 3. d4 cxd4 4. Nxd4 Nf6 5. Nc3 a6 6. h3 e6 7. g4 h6 8. Bg2 g5 9. O-O Nbd7 10. Be3 Ne5 11. Qe2 Bd7 12. f4 gxf4 13. Bxf4 Rc8 14. Kh1 Be7 15. Rad1 Qb6 16. Nb3 Qc7 17. Bg3 Qb8 18. Bh4 Ng8 19. Bxe7 Nxe7 20. Qf2 N7g6 21.
Ne2 Rxc2 22. Qe3 Nh4 23. Rf2 h5 24. g5 Nxg2 25. Rxg2 Rxb2 26. Qd4 Rxa2 27. Qxd6 Qxd6 28. Rxd6 Ke7 29. Rd4 Rc8 30. Nd2 Rcc2 31. Nf4 h4 32. Kh2 Bc6 33. g6 Rxd2 34. Rgxd2 Rxd2+ 35. Rxd2 Nf3+ 36.
Kg2 Nxd2 37. g7 Bxe4+ 38. Kf2 Bh7 39. g8=Q Bxg8 40. Ke3 Nc4+ 41. Kd4 e5+ 42. Kxc4 exf4 0-1

[Event "*** Titled Tuesday Blitz"]
[Site "Chess.com"]
[Date "2021.03.02"]
[Round "7"]
[White "GM_Crest"]
[Black "NicoChasin"]
[Result "1-0"]
[WhiteElo "2776"]
[BlackElo "2567"]
[TimeControl "180+1"]
[EndTime "11:18:33 PST"]
[Termination "GM_Crest won by resignation"]

1. d4 Nf6 2. c4 c6 3. Nc3 d5 4. Nf3 Bf5 5. cxd5 Nxd5 6. g3 e6 7. Bg2 Nd7 8. O-O Bd6 9. Re1 Nxc3 10. bxc3 Be4 11. Bf1 O-O 12. Nd2 Bg6 13. e4 e5 14. Nc4 Bc7 15. Ba3 Re8 16. Bg2 exd4 17. cxd4 Nb6 18. Na5 Rb8 19. h4 f6 20. h5 Bf7 21. h6 g6 22. Bb2 Qd7 23. Qc2 Nc8 24. Nb3 Nd6 25. Nc5 Qg4 26. e5 fxe5 27. dxe5 Qc4 28. Rac1 Qxc2 29. Rxc2 Re7 30. e6 Be8 31. Bf6 Nf5 32. Bxe7 Nxe7 33. Nd7 Bxd7 34. exd7 Kf8 35. Rce2 Bd6 36. Re6 Bb4 37. Rf6+ Kg8 38. Re4 a5 39. Bh3 Rd8 40. g4 g5 41. Re5 Rxd7 42.
Rxg5+ Ng6 43. Rgxg6+ hxg6 44. g5 Rd1+ 45. Kg2 Be7 46.
Rxg6+ Kf8 47. h7 1-0

[Event "*** Titled Tuesday Blitz"]
[Site "Chess.com"]
[Date "2021.03.02"]
[Round "7"]
[White "TST2014"]
[Black "profofchess"]
[Result "1-0"]
[WhiteElo "2634"]
[BlackElo "2477"]
[TimeControl "180+1"]
[EndTime "11:18:33 PST"]
[Termination "TST2014 won by checkmate"]

1. d4 Nf6 2. c4 e6 3. Nf3 c5 4. e3 b6 5. Nc3 g6 6. d5 exd5 7. cxd5 d6 8. h3 Bg7 9. Be2 O-O 10. e4 Re8 11. Nd2 Na6 12. O-O Nc7 13. a4 a6 14. Bd3 Rb8 15. Nc4 b5 16. axb5 axb5 17. Na5 Bd7 18. Bf4 b4 19. Na4 Nxe4 20. Nc6 Bxc6 21.
dxc6 Ne6 22. Bh2 Nd4 23. Bxe4 Rxe4 24. Nxc5 Re8 25. Nb7 Qb6 26. Nxd6 Red8 27. Nc4 Qxc6 28. Bxb8 Qxc4 29. Ra8 Ne2+ 30. Kh1 Rxd1 31. Bd6+ Bf8 32. Rxf8+ Kg7 33. Rxd1 Qc2 34. Rf1 Qd2 35. Rd8 Qxb2 36.
Re1 b3 37. Bf8+ Kf6 38. Bh6 Nc3 39. Rd6+ Kf5 40. g4# 1-0

[Event "*** Titled Tuesday Blitz"]
[Site "Chess.com"]
[Date "2021.03.02"]
[Round "7"]
[White "BigAl"]
[Black "Galiev_Azat"]
[Result "1-0"]
[WhiteElo "2527"]
[BlackElo "2375"]
[TimeControl "180+1"]
[EndTime "11:18:33 PST"]
[Termination "BigAl won on time"]

1. Nf3 Nf6 2. g3 d5 3. Bg2 Bf5 4. O-O e6 5. d3 h6 6. c4 Be7 7. Be3 O-O 8. Qb3 b6 9. Nc3 c5 10. cxd5 exd5 11. Ne5 Be6 12. d4 c4 13. Qc2 Na6 14.
Nc6 Nb4 15. Nxe7+ Qxe7 16. Qd2 a6 17. h3 b5 18. g4 Qd7 19. Bf4 Nc6 20. a3 Rfe8 21.
Rad1 Qb7 22. Bh2 a5 23. f4 b4 24. Na4 Qb5 25. Nc5 Rac8 26. e3 c3 27. bxc3 bxa3 28.
f5 Bd7 29. Ra1 Qc4 30. Rxa3 Rcd8 31. Bf4 Ne4 32. Nxe4 dxe4 33. Rb1 Ra8 34. Bf1 Qd5 35. Rb5 Qxb5 36. Bxb5 Rec8 37. c4 1-0

[Event "*** Titled Tuesday Blitz"]
[Site "Chess.com"]
[Date "2021.03.02"]
[Round "7"]
[White "Diamantidis_13"]
[Black "HouseOfDurin"]
[Result "1-0"]
[WhiteElo "2438"]
[BlackElo "2186"]
[TimeControl "180+1"]
[EndTime "11:18:33 PST"]
[Termination "Diamantidis_13 won on time"]

1. d4 Nf6 2. c4 c5 3. d5 b5 4.
Bg5 Ne4 5. Nd2 Nxg5 6. h4 Ne6 7. dxe6 dxe6 8. cxb5 Qa5 9. e4 a6 10. b6 Bb7 11.
Rh3 g6 12. Qc2 Bh6 13. Qc3 Bxd2+ 14. Kxd2 Qxc3+ 15. bxc3 Bxe4 16. a4 a5 17. Re3 Bc6 18.
Rb1 O-O 19. Bb5 Rd8+ 20. Kc2 Bxg2 21. Ne2 Nd7 22. Nf4 Bb7 23. Bxd7 Rxd7 24. Nd3 Rc8 25. Ne5 Rd6 26. Nc4 Rd7 27. Nxa5 Kg7 28. Nxb7 Rxb7 29.
a5 Ra8 30. Rb5 Ra6 31. Re5 Kf6 32. Rexc5 1-0

[Event "*** Titled Tuesday Blitz"]
[Site "Chess.com"]
[Date "2021.03.02"]
[Round "7"]
[White "MendozaDavid2000"]
[Black "bazar-wokzal"]
[Result "0-1"]
[WhiteElo "2336"]
[BlackElo "2517"]
[TimeControl "180+1"]
[EndTime "11:18:33 PST"]
[Termination "bazar-wokzal won on time"]

1. d4 Nf6 2. c4 Nc6 3. Nc3 e5 4. d5 Ne7 5. e4 Ng6 6. Nge2 Bc5 7. Ng3 d6 8. Na4 Bb4+ 9. Bd2 a5 10. Bd3 Nf4 11.
Bxb4 axb4 12. Bf1 h5 13. b3 h4 14. Ne2 Nxe4 15. Nxf4 exf4 16. Bd3 Nc3 17. Nxc3 bxc3 18. O-O Qf6 19. Re1+ Kd8 20. a4 h3 21. g3 fxg3 22.
fxg3 Qd4+ 23. Kf1 Bg4 24. Be2 Qe4 25. Kf2 Qg2+ 26. Ke3 Re8+ 27. Kd3 Qe4+ 28. Kxc3 Bxe2 29. Qd2 Qf3+ 30. Kb4 Re3 31. Rab1 Kd7 32. Rb2 Rae8 33. a5 c5+ 34. dxc6+ bxc6 35. c5 Rxb3+ 36. Rxb3 Rb8+ 0-1

[Event "*** Titled Tuesday Blitz"]
[Site "Chess.com"]
[Date "2021.03.02"]
[Round "7"]
[White "Mihnea2017"]
[Black "Lyschko"]
[Result "1-0"]
[WhiteElo "2449"]
[BlackElo "2205"]
[TimeControl "180+1"]
[EndTime "11:18:33 PST"]
[Termination "Mihnea2017 won on time"]

1. e4 Nf6 2. e5 Nd5 3. d4 d6 4.
Nf3 dxe5 5. Nxe5 c6 6. Be2 g6 7. O-O Bg7 8. c4 Nc7 9. Nc3 O-O 10. Re1 Nd7 11. Nf3 e5 12. dxe5 Nxe5 13. Bf4 Nxf3+ 14.
Bxf3 Ne6 15. Be5 Qg5 16. Bxg7 Kxg7 17. Ne4 Qh4 18. Qd2 f5 19. Qc3+ Kg8 20. Nd6 Ng5 21. Rad1 Be6 22. g3 Qh6 23. h4 Nxf3+ 24. Qxf3 Bf7 25.
Nxb7 Bxc4 26. Qxc6 Bxa2 27. Re7 f4 28. Rdd7 fxg3 29. fxg3 Rac8 30. Rc7 Rxc7 31. Qxc7 Bd5 32. Nd6 g5 33. Qc5 Ba8 34. Qxg5+ Qxg5 35. hxg5 Rb8 36.
Rxa7 Bf3 37. Nc4 1-0